Arrhythmia, chaotic female vampiric Wizard --- ---- ---------- ---.--- -..--- ----------..--....-- --- ---- ---.....| ....| ---- --..................---.---..| ----.......| --....| --..| |...------(....-..--%.)......| |.....%....---....- -- |...| ---....%...)[.(....%)...%%|....###.....---.........- .- -..| |...---------..--.-----.|...| |...| --........----... |.----.--- --..| |...|.<.| |--.--- |.... |.........|... |.||...| ---...---...|--.--|...| ------.|0 |......^....- |.--Y-----..........-- |...|..-- --.-- --- #---.--.--...-- |...@| |............| ---....-- |...-------.--------....--------- | |..--- |............| ---.....---- |......................................- |..| ---....---...| --........|.|--.---------..-------.....------ |..| |....| ----- |....---....|...| |....| |......-- |..| --....| |.------......--- |-...------.......-- -- .....| |..| --.....| --- |.......| |..............................- |..| |..--.-- |.......| --..........................-- -- |..| ------- ---.|.|.| |........---................| --.| ------- |..|.....| ---........--- .-- --- -----.---- -.|.----- -- --- ---- Arrhythmia the Thaumaturge Experience level: 7 Strength: 9 Dexterity: 11 Constitution: 12 Intelligence: 18 Wisdom: 12 Charisma: 13 Health: 0(52) Energy: 128(128) AC: 7 Gold: 504 Moves: 1693 Your Inventory: Coins $ - 504 gold pieces Weapons c - a blessed +1 quarterstaff (weapon in hands) Armor b - an uncursed +0 cloak of magic resistance (being worn) E - an [uncursed] +0 hard hat [dwarvish iron helm] (being worn) G - an [uncursed +0] iron skull cap [orcish helm] Rings d - an uncursed ring of slow digestion (on right hand) e - an uncursed +2 ring of adornment u - a [cursed +2] steel ring [of increase accuracy] Wands a - an uncursed wand of make invisible (0:7) (alternate weapon; not wielded) Tools f - an [uncursed] bag called Portal to the elemental plane of TEETH [of holding] m - an uncursed blindfold x - an [uncursed] key [skeleton key] y - an [uncursed +0] pick-axe C - 12 [uncursed wax] candles Gems n - an [uncursed] green gem [aquamarine] Contents of the bag of holding: a [cursed] scroll labeled JUYED AWK YACC [of identify] an uncursed scroll of confuse monster 2 uncursed scrolls of remove curse a blessed spellbook of force bolt an [uncursed] spellbook of jumping an uncursed spellbook of knock an [uncursed] black potion [of extra healing] an [uncursed] fizzy potion [of confusion] an uncursed potion of gain energy an uncursed potion of invisibility an uncursed potion of monster detection a [blessed] ruby potion [of see invisible] Spells known in the end: Name Level Category Fail Memory a - force bolt 1 attack 0% [||||||||] b - knock 1 matter 0% [||||||||] c - jumping 1 escape 0% [||||||||] Your skills at the end: Fighting Skills Weapon Skills quarterstaff [Basic / Expert] Spellcasting Skills attack spells [Basic / Expert] enchantment spells [Basic / Skilled] Final Attributes: You were devoutly aligned. Hunger level was 1086. Your alignment was 17 / 18. Monster difficulty range was 0 - 6. Level difficulty was 5. You were immune to level-drain. You were magic-protected. You could fly. You could survive without air. You had slower digestion. You regenerated. Your luck was zero. You are dead. Vanquished creatures: 2 apes 2 gnome lords a golden naga hatchling an elf zombie a wax golem a floating eye 6 dwarves 2 hill orcs a giant bat an orc zombie 2 killer bees 2 hobbits 2 yellow molds 25 gnomes 2 geckos 5 jackals 3 grid bugs 6 lichens a kobold zombie 2 newts 68 creatures vanquished. Voluntary challenges: You were an atheist. You used a wielded weapon 53 times. You read items or engraved 1 time. You put on armor 5 times. You never genocided any monsters. You never polymorphed an object. You never changed form. You used no wishes. You never wrote Elbereth's name. You never encountered a bones level. You never used any Sokoban shortcuts. Dungeon overview: The Dungeons of Doom: levels 1 to 3 Level 1 a fountain a long staircase Level 2 a general store Level 3 stairs to The Gnomish Mines The Gnomish Mines: levels 4 to 5 Level 4 stairs to The Dungeons of Doom Level 5 <- You were here History has recorded: On T:1 you entered the Dungeons of Doom to retrieve the Amulet of Yendor! On T:358 you reached level 2 of The Dungeons of Doom. On T:424 you advanced to experience level 2. On T:661 you advanced to experience level 3. On T:679 you reached level 3 of The Dungeons of Doom. On T:791 you advanced to experience level 4. On T:1008 you reached level 1 of The Gnomish Mines. On T:1043 you advanced to experience level 5. On T:1210 you advanced to experience level 6. On T:1333 you reached level 2 of The Gnomish Mines. On T:1450 you advanced to experience level 7. Latest messages: The ape bites! [HP-6=21] You hit the ape. You bite the ape. You feed on the lifeblood. The ape suddenly seems weaker! The ape hits! (2x) The ape bites! [HP-8=13] You hit the ape! You bite the ape. The ape hits! (2x) The ape bites! [HP-6=7] You miss the ape. You bite the ape. The ape hits! (2x) The ape misses. [HP-3=4] You hit the ape! You miss the ape. The ape hits! (2x) You die... Final status: Goodbye Arrhythmia the Wizard... You died in The Gnomish Mines on dungeon level 5 with 2578 points, and 504 pieces of gold, after 1693 moves. You were level 7 with a maximum of 52 hit points when you died.